 Dungeon Crawl Stone Soup version 0.31-a0-221-gbddc013574 (webtiles) character file.

Game seed: 3521516587391764844

136 qw the Shooter (level 4, 0/36 HPs)
             Began as a Minotaur Hexslinger on July 3, 2023.
             Slain by a kobold
             ... wielding a +0 short sword
              (1 damage)
             ... on level 4 of the Dungeon.
             The game lasted 00:00:42 (1951 turns).

qw the Shooter (Minotaur Hexslinger)                Turns: 1951, Time: 00:00:43

Health: 0/36       AC:  4    Str: 12    XL:     4   Next: 98%
Magic:  4/4        EV: 12    Int: 10    God:
Gold:   79         SH:  0    Dex: 15    Spells: 4/5 levels left

rFire   . . .        Y - +1 sling
rCold   . . .        (no shield)
rNeg    . . .        h - +0 leather armour
rPois   .            (helmet restricted)
rElec   .            a - +0 cloak
rCorr   .            (no gloves)
SInv    .            (no boots)
Will    .....        (no amulet)
Stlth   +            (no ring)
HPRegen 0.26/turn    (no ring)
MPRegen 0.09/turn

%: no passive effects
@: lethally poisoned (0 -> -1)
A: horns 2, retaliatory headbutt
a: no special abilities


You were on level 4 of the Dungeon.
You visited 1 branch of the dungeon, and saw 4 of its levels.

You collected 79 gold pieces.


Innate Abilities, Weirdness & Mutations

You have a pair of horns on your head.
You reflexively headbutt those who attack you in melee.


   Skills:
 + Level 2.0 Fighting
 - Level 5.5 Ranged Weapons
 - Level 2.1 Dodging
 - Level 1.0 Spellcasting
 - Level 2.0 Hexes


You had 4 spell levels left.
You knew the following spells:

 Your Spells              Type           Power      Damage    Failure   Level
a - Slow                  Hex            16%        N/A       19%         1

Your spell library contained the following spells:

 Spells                   Type           Power      Damage    Failure   Level
 Inner Flame              Hex/Fire       2%         N/A       65%         3
 Portal Projectile        Hex/Tloc       4%         N/A       65%         3
 Cause Fear               Hex            2%         N/A       88%         4

Inventory:

Hand Weapons
 Y - a +1 sling (weapon)
Armour
 a - a +0 cloak (worn)
 h - a +0 leather armour (worn)
Potions
 d - a potion of curing
 e - a potion of haste
 f - a potion of berserk rage {unknown}
 g - a potion of enlightenment
 i - a potion of heal wounds {unknown}
 j - a potion of magic {unknown}

Dungeon Overview and Level Annotations

Branches:
Dungeon (4/15)
 Temple: D:4-7

Altars:


Message History

The scorpion is heavily wounded.
You feel very sick. The scorpion stings you.
You shoot a sling bullet. The sling bullet hits the scorpion.
The scorpion is heavily wounded.
You feel sick.
You shoot a sling bullet.
The sling bullet hits the scorpion but does no damage.
The scorpion is heavily wounded.
You feel yourself slow down.
You feel sick. The scorpion barely misses you. The jackal barely misses you.
The kobold hits you with a +0 short sword.
You shoot a sling bullet.
The sling bullet closely misses the scorpion.
You feel sick.
The jackal bites you but does no damage.
The jackal barely misses you. You furiously retaliate!
You headbutt the jackal.
You kill the jackal!
The scorpion stings you. The kobold barely misses you. The scorpion stings you.
You shoot a sling bullet.
The sling bullet hits the scorpion but does no damage.
The scorpion is heavily wounded.
You feel sick. The jackal closely misses you. The scorpion misses you.
The kobold hits you with a +0 short sword.
The jackal barely misses you. The jackal misses you.
The scorpion closely misses you. You furiously retaliate!
You headbutt the scorpion! You shoot a sling bullet.
The sling bullet hits the scorpion.
You kill the scorpion!
You feel sick. The jackal closely misses you.
The kobold hits you but does no damage.
The jackal bites you but does no damage. x2
The kobold closely misses you.
Your Ranged Weapons skill increases to level 5!
You shoot a sling bullet. The sling bullet hits the jackal.
The jackal is almost dead.
You feel sick. The jackal misses you.
The jackal bites you but does no damage. x2
The kobold hits you with a +0 short sword.
You die...

... # .. . #.. ..
.. ##.. ###.. ...
....##... .... #...
........###.....
#.#. #....hh......
..... #...@K......
#... #...#.......
#.... #..[##.....#
#.).####....#......
#...)<#....[# .##..
#...#.......# .. .
##. #######...... #
#..#..# .##


You could see 2 jackals and a kobold.

Vanquished Creatures
  A scorpion (D:4)
  3 adders
  A worm (D:2)
  7 ball pythons
  5 endoplasms
  5 goblins
  4 hobgoblins
  A jackal (D:4)
  2 quokkas
  4 bats
  2 frilled lizards
  7 kobolds
  5 rats
  A spectral goblin (D:3)
48 creatures vanquished.

Notes
Turn   | Place    | Note
-------+----------+-------------------------------------------
     0 | D:1      | qw the Minotaur Hexslinger began the quest for the Orb.
     0 | D:1      | Reached XP level 1. HP: 16/16 MP: 1/1
     0 | D:1      | 0 ||| qw: Version: 0.3-a-40-ge99b1a8
     0 | D:1      | 0 ||| qw: Game counter: 602
     0 | D:1      | 0 ||| qw: Melee chars always use a shield: true
     0 | D:1      | 0 ||| qw: God list: Okawaru
     0 | D:1      | 0 ||| qw: Allow faded altars: false
     0 | D:1      | 0 ||| qw: Do Orc after clearing Dungeon:15 true
     0 | D:1      | 0 ||| qw: Do second Lair branch before Depths: true
     0 | D:1      | 0 ||| qw: Lair rune preference: random
     0 | D:1      | 0 ||| qw: Goals: Normal
     0 | D:1      | 0 ||| PLANNING D:1-11
   132 | D:1      | Reached skill level 3 in Ranged Weapons
   143 | D:1      | Reached XP level 2. HP: 23/23 MP: 2/2
   473 | D:1      | 473 ||| DRINKING 2 fuming purple potions.
   474 | D:1      | 474 ||| DROPPING scroll of poison.
   511 | D:2      | Reached XP level 3. HP: 19/29 MP: 3/3
   617 | D:2      | HP: 7/29 [adder (3)]
   755 | D:2      | Reached skill level 4 in Ranged Weapons
  1188 | D:2      | 1188 ||| READING scroll labelled URYKHL SAUFUTO.
  1189 | D:2      | 1189 ||| READING scroll labelled NYEXIQ LASEAN.
  1190 | D:2      | 1190 ||| DRINKING 2 fizzy purple potions.
  1233 | D:3      | 1233 ||| FLEEEEING.
  1235 | D:3      | 1235 ||| FLEEEEING.
  1237 | D:3      | 1237 ||| STAIRDANCE
  1346 | D:3      | Reached XP level 4. HP: 33/36 MP: 4/4
  1421 | D:3      | Found a faded altar of an unknown god.
  1873 | D:3      | 1873 ||| UPGRADING to +0 cloak.
  1878 | D:3      | 1878 ||| UPGRADING to +0 leather armour.
  1888 | D:3      | 1888 ||| DROPPING +0 robe.
  1889 | D:3      | 1889 ||| READING scroll labelled WAH MISE KUCW.
  1893 | D:3      | 1893 ||| DRINKING 2 dark potions.
  1937 | D:4      | Noticed a scorpion
  1948 | D:4      | HP: 7/36 [scorpion (6)]
  1949 | D:4      | HP: 3/36 [kobold/+0 short sword (2)]
  1950 | D:4      | Killed a scorpion
  1951 | D:4      | Reached skill level 5 in Ranged Weapons
  1951 | D:4      | HP: 1/36 [poisoned by a scorpion]
  1951 | D:4      | Slain by a kobold

Levels and vault maps discovered:
D:1:      dpeg_arrival_renting, layout_basic
D:2:      layout_loops_ring
D:3:      layout_basic, dreamdust_ecumenical_altar_drowned_temple
D:4:      layout_cave_pools, minmay_temple_entry_mini_moons,
          minmay_goblin_kobold_house, uniq_natasha

Skill      XL: |  1  2  3  4 |
---------------+-------------+-----
Ranged Weapons | 3 4 5 |  5.5
Fighting       | 2 |  2.0
Dodging        | |  2.1
Spellcasting   | |  1.0
Hexes          | |  2.0

Action                     |  1- 3 |  4- 6 || total
---------------------------+-------+-------++-------
   Fire: Sling             |   118 |    37 ||   155
    Use: Potion            |     2 |     1 ||     3
         Scroll            |     2 |     1 ||     3
 Armour: Robe              |     8 |       ||     8
         Leather armour    |       |     6 ||     6
  Dodge: Dodged            |    38 |    15 ||    53

Table legend:
 A = Non-vault XP
 B = Vault XP
 C = Vault XP percentage of total XP
 D = Non-vault monster count
 E = Vault monster count
 F = Vault count percentage of total count
                 A         B        C        D         E       F
            +---------+---------+-------+---------+---------+-------
      Total |     194 |       1 |   0.5 |      47 |       1 |   2.1
            +---------+---------+-------+---------+---------+-------
        D:1 |      29 |       0 |   0.0 |      19 |       0 |   0.0
        D:2 |      49 |       0 |   0.0 |      14 |       0 |   0.0
        D:3 |      29 |       1 |   3.3 |      11 |       1 |   8.3
        D:4 |      87 |       0 |   0.0 |       3 |       0 |   0.0
            +---------+---------+-------+---------+---------+-------
